 Dungeon Crawl Stone Soup version 0.18.1-50-g88ac8fd (webtiles) character file.

74307 Gianozzolo the Champion of Chaos (level 15, -10/126 HPs)
             Began as a Mottled Draconian Transmuter on Nov 29, 2017.
             Was the Champion of Makhleb.
             Killed by divine providence
             ... invoked by an orc high priest
              (15 damage)
             ... on level 2 of the Orcish Mines.
             The game lasted 01:12:38 (34211 turns).

Gianozzolo the Champion of Chaos (DrTm)            Turns: 34211, Time: 01:12:40

Health: -10/126    AC:  9    Str: 13    XL:     15   Next: 6%
Magic:  19/26      EV: 17    Int: 18    God:    Makhleb [******]
Gold:   2317       SH:  0    Dex: 13    Spells: 6 memorised, 7 levels left

rFire  . . .     SeeInvis .       - Unarmed
rCold  . . .     Gourm    +     (armour unavailable)
rNeg   . . .     Faith    .     (shield currently unavailable)
rPois  .         Spirit   .     (helmet restricted)
rElec  .         Dismiss  .     (no cloak)
rCorr  .         Reflect  .     (gloves currently unavailable)
SustAt .         Harm     .     (no boots)
MR     +....                    g - amulet of the gourmand
Stlth  +.........               P - ring of flight
                                m - ring of wizardry

@: short of breath, blade hands, somewhat resistant to hostile enchantments,
very unstealthy
A: breathe sticky flame splash, unfitting armour, cold-blooded, AC +9
a: Breathe Sticky Flame, End Transformation, Minor Destruction, Lesser Servant
of Makhleb, Major Destruction, Greater Servant of Makhleb, Renounce Religion,
Evoke Flight


You were on level 2 of the Orcish Mines.
You worshipped Makhleb.
Makhleb was exalted by your worship.
You were very full.
You had blades for hands.
You visited 3 branches of the dungeon, and saw 22 of its levels.

You collected 2368 gold pieces.
You spent 51 gold pieces at shops.

Inventory:

Jewellery
 g - an amulet of the gourmand (around neck)
 h - an uncursed amulet of dismissal
 m - a ring of wizardry (left scythe-like blade)
 D - a +4 amulet of reflection
 J - an uncursed amulet of guardian spirit
 P - a ring of flight (right scythe-like blade)
Wands
 f - a wand of disintegration (7/24)
 o - a wand of teleportation (1/9)
 F - a wand of acid (9/15)
 G - a wand of heal wounds (0/9)
Scrolls
 d - 2 scrolls of magic mapping
 k - 2 scrolls of amnesia {unknown}
 n - 3 scrolls of noise
 s - a scroll of summoning
 t - 3 scrolls of enchant armour
 v - 3 scrolls of fog
 w - 2 scrolls of remove curse
 y - a scroll of silence {unknown}
 E - a scroll of teleportation
Potions
 b - a potion of invisibility {unknown}
 e - 6 potions of curing
 i - 3 potions of cancellation
 j - a potion of resistance
 l - 4 potions of flight
 q - 2 potions of might
 r - 2 potions of cure mutation
 u - a potion of magic
 z - a potion of lignification
 B - 3 potions of haste
 C - 3 potions of brilliance
 K - a potion of agility {unknown}
Comestibles
 a - 13 meat rations
 c - 14 bread rations
 p - 5 beef jerkies
 x - 10 slices of pizza
 A - 14 fruits
 H - 14 royal jellies


   Skills:
 - Level 10.0 Fighting
 - Level 10.0 Dodging
 + Level 14.8 Unarmed Combat
 - Level 5.0 Spellcasting
 - Level 3.0 Charms
 - Level 9.0 Transmutations
 - Level 3.0 Air Magic
 + Level 14.9 Invocations


You had 7 spell levels left.
You knew the following spells:

 Your Spells              Type           Power        Failure   Level  Hunger
a - Beastly Appendage     Trmt           #####.       4%          1    None
b - Spider Form           Trmt/Pois      ###.......   21%         3    ##.....
c - Blade Hands           Trmt           #####.....   22%         5    ######.
d - Repel Missiles        Chrm/Air       ###...       17%         2    #......
e - Swiftness             Chrm/Air       ###.....     17%         2    #......
f - Ice Form              Ice/Trmt       ###.....     34%         4    ####...


Dungeon Overview and Level Annotations

Branches:
Dungeon (12/15)            Temple (0/1) D:5            Lair (8/8) D:10
  Swamp (0/4) Lair:6       Spider (0/4) Lair:6        Slime (0/6) Lair:8
    Orc (2/2) D:11            Elf (0/3) Orc:2

Altars:
Fedhas
Gozag
Makhleb
Ru
Sif Muna

Shops:
D:5 %   D:6 %   Orc:2 %*


Innate Abilities, Weirdness & Mutations

You can spit globs of burning liquid.
You can ignite nearby creatures when you spit burning liquid.
Your weird mottled scales are hard (AC +9).
Your body does not fit into most forms of armour.
You are cold-blooded and may be slowed by cold attacks.


Message History

The splash of liquid fire hits the orc high priest.
The orc high priest is severely wounded.
The orc high priest is covered in liquid flames!
The sticky flame splashes onto the gelid demonspawn!
The gelid demonspawn is covered in liquid flames!
The sticky flame splashes onto the ynoxinul!
The ynoxinul is covered in liquid flames!
You feel somewhat less full.
The ynoxinul burns!
The orc high priest burns!
The gelid demonspawn burns!
The ynoxinul misses you.
The gelid demonspawn hits you with a trident!!
* * * LOW HITPOINT WARNING * * *
Drink which item? (? for menu, Esc to quit)
Okay, then.
There's nothing to close nearby.
Evoke which item? (* to show all) (? for menu, Esc to quit)
Okay, then.
The ynoxinul burns!
The orc high priest burns!
The gelid demonspawn burns!
The orc high priest invokes the aid of Beogh against you.
Beogh smites you!
You die...

#.## ####)(###.......#..........>
.## ##[.#####..................
.## ##.[###)###........#........
..# ##..###([[###................
..###).###[#)#.###.............(.
.###[[###...#)..###..............
###.[###[[.###...###.............
##.(###..)##.##...###......#.....
#.([((...##...##@.3###...........
.([[#(..## #..##.o.###.#........
..#.)..## #..##6#.###......)).
#.....## #..)o)..###..#.#)).
..#..## ##o#.....####......
#.....## #.......###........
..#...(## #..##.#.###.........
....#...## #6.# ...###..........
#....((..##...# ..# #...#......


You could see an orc high priest (burning), a gelid demonspawn (burning), a
ynoxinul (burning) and an orc sorcerer.

Vanquished Creatures
  Maud (Orc:2)
  Nessos (Orc:2)
  An ice dragon (Lair:7)
  7 hydras
  A catoblepas (Lair:8)
  Erica (D:8)
  7 death yaks
  An orc high priest (Orc:2)
  A deep troll shaman (Lair:8)
  A gelid demonspawn (Orc:2)
  The ghost of Gianozzolo the Transmogrifier, a novice DrTm of Makhleb (D:7)
  A putrid demonspawn (Orc:2)
  The ghost of Gianozzolo the Transmogrifier, a novice NaTm of Cheibriados (D:6)
  5 orc knights
  A cyclops (Orc:1)
  6 orc sorcerers (Orc:2)
  3 griffons
  13 elephants
  Joseph (D:7)
  4 black mambas
  Maurice (D:11)
  An orange demon (Orc:2)
  18 spiny frogs
  17 komodo dragons
  A rime drake (Lair:5)
  4 trolls
  A queen bee (Lair:2)
  A red devil (Orc:2)
  3 polar bears
  The ghost of Gianozzolo the Changer, an amateur NaTm of Cheibriados (D:5)
  A two-headed ogre (D:10)
  The ghost of Gianozzolo the Changer, an amateur DrTm (D:4)
  A boulder beetle (Lair:6)
  15 blink frogs
  A slime creature (Lair:8)
  A water elemental (D:11)
  2 spriggans (Lair:2)
  45 yaks
  A human (D:7)
  Grum (D:10)
  A hungry ghost (D:7)
  2 basilisks
  2 wraiths
  A chaos spawn (Orc:2)
  13 hippogriffs
  5 soldier ants
  Edmund (D:4)
  15 water moccasins
  13 porcupines
  A wasp (D:12)
  4 black bears
  22 orc warriors
  2 sky beasts
  2 phantoms
  An ice beast (D:10)
  The ghost of magog001 the Skirmisher, an amateur MfFi (D:3)
  27 wolves
  9 centaurs
  7 ogres
  13 crocodiles
  A big kobold (D:11)
  16 giant frogs
  7 scorpions
  4 wights (D:8)
  36 killer bees
  5 howler monkeys
  2 giant frog zombies
  4 crimson imps
  5 jellies
  A centaur zombie (D:10)
  23 orc priests
  Crazy Yiuf (D:7)
  6 hounds
  18 iguanas
  10 worker ants
  15 orc wizards
  2 killer bee zombies
  41 sheep
  A hound zombie (D:5)
  4 hound skeletons
  A worker ant zombie (D:8)
  14 adders
  52 river rats
  3 shadow imps
  An adder zombie (D:9)
  2 worms
  4 dart slugs
  6 giant geckos
  59 orcs
  7 giant cockroaches
  7 hobgoblins
  14 jackals
  2 quokkas
  7 bats
  4 giant newts
  10 goblins
  A jackal skeleton (D:4)
  8 kobolds
  8 rats
  A plant (D:1)
730 creatures vanquished.

Vanquished Creatures (collateral kills)
  Donald (Orc:2)
  A sun demon (Orc:2)
  An orc knight (Orc:2)
  A smoke demon (Orc:2)
  A ynoxinul (Orc:2)
  3 orc warriors (Orc:2)
  4 wolves (Lair:8)
  A jelly (Lair:8)
  2 orc priests (Orc:2)
  7 orcs (Orc:2)
22 creatures vanquished.

Vanquished Creatures (others)
  2 orcs
  A jackal (D:8)
  A bush (Lair:7)
  32 fungi
  12 plants
48 creatures vanquished.

Grand Total: 800 creatures vanquished

Notes
Turn   | Place    | Note
--------------------------------------------------------------
     0 | D:1      | Gianozzolo the Draconian Transmuter began the quest for the Orb.
     0 | D:1      | Reached XP level 1. HP: 16/16 MP: 3/3
   361 | D:1      | Reached XP level 2. HP: 20/23 MP: 3/5
   779 | D:2      | Reached XP level 3. HP: 11/28 MP: 4/6
  1106 | D:2      | Learned a level 3 spell: Spider Form
  1586 | D:2      | Reached XP level 4. HP: 34/35 MP: 3/7
  2279 | D:3      | Noticed magog001's ghost (amateur MfFi)
  3109 | D:2      | Reached XP level 5. HP: 40/40 MP: 8/8
  3156 | D:4      | Noticed Gianozzolo's ghost (amateur DrTm)
  3441 | D:4      | Noticed Edmund
  3453 | D:4      | Killed Edmund
  3453 | D:4      | Reached skill level 5 in Transmutations
  3453 | D:4      | Reached XP level 6. HP: 37/47 MP: 6/9
  3461 | D:4      | Learned a level 5 spell: Blade Hands
  3512 | D:3      | Killed magog001's ghost
  3600 | D:4      | Reached skill level 5 in Unarmed Combat
  3749 | D:4      | Killed Gianozzolo's ghost
  3749 | D:4      | Your scales start taking on a weird mottled colour.
  3749 | D:4      | Reached XP level 7. HP: 40/52 MP: 5/10
  4363 | D:5      | Entered Level 5 of the Dungeon
  4568 | D:5      | Found a staircase to the Ecumenical Temple.
  4709 | D:5      | Reached XP level 8. HP: 35/59 MP: 5/11
  4761 | D:5      | Found Wegez's Food Emporium.
  4812 | D:5      | Found a burning altar of Makhleb.
  4812 | D:5      | Found a sacrificial altar of Ru.
  4816 | D:5      | Became a worshipper of Makhleb the Destroyer
  4874 | D:5      | Noticed Gianozzolo's ghost (amateur NaTm)
  4885 | D:5      | Killed Gianozzolo's ghost
  5367 | D:6      | Found Piarroax's Food Emporium.
  5376 | D:6      | Reached skill level 1 in Invocations
  5792 | D:6      | Noticed Gianozzolo's ghost (novice NaTm)
  6118 | D:6      | Killed Gianozzolo's ghost
  6118 | D:6      | Reached XP level 9. HP: 51/68 MP: 7/12
  6276 | D:6      | Reached * piety under Makhleb
  6308 | D:6      | Found a deep blue altar of Sif Muna.
  6615 | D:7      | Learned a level 2 spell: Repel Missiles
  6688 | D:7      | Found a blossoming altar of Fedhas.
  6835 | D:7      | Noticed Joseph
  6844 | D:7      | Killed Joseph
  6887 | D:7      | Noticed Crazy Yiuf
  6896 | D:7      | Killed Crazy Yiuf
  7069 | D:7      | Noticed Gianozzolo's ghost (novice DrTm)
  7089 | D:7      | Killed Gianozzolo's ghost
  7089 | D:7      | Reached skill level 5 in Fighting
  7089 | D:7      | Reached skill level 10 in Unarmed Combat
  7089 | D:7      | Reached XP level 10. HP: 14/81 MP: 4/13
  7784 | D:8      | Reached ** piety under Makhleb
  7784 | D:8      | Reached skill level 5 in Invocations
  8961 | D:8      | Reached *** piety under Makhleb
  9451 | D:8      | Found an opulent altar of Gozag.
  9509 | D:8      | Noticed Erica
  9773 | D:8      | Killed Erica
 10393 | D:9      | Reached XP level 11. HP: 47/91 MP: 6/15
 11068 | D:10     | Entered Level 10 of the Dungeon
 11071 | D:10     | Noticed Grum
 11083 | D:10     | Killed Grum
 11209 | D:10     | Reached **** piety under Makhleb
 11825 | D:10     | Found a staircase to the Lair.
 11878 | D:10     | Learned a level 2 spell: Swiftness
 11913 | D:10     | HP: 4/92 [something (10)]
 13342 | D:11     | Found a staircase to the Orcish Mines.
 13938 | D:11     | Noticed Maurice
 13944 | D:11     | Killed Maurice
 14446 | D:12     | Noticed a death knight
 14783 | Orc:1    | Entered Level 1 of the Orcish Mines
 14783 | Orc:1    | Noticed an orc knight
 15084 | D:11     | Killed an orc knight
 15084 | D:11     | Reached skill level 5 in Dodging
 15352 | Orc:2    | Entered Level 2 of the Orcish Mines
 15858 | Orc:2    | Reached skill level 1 in Charms
 15900 | Orc:2    | Noticed Maud
 15917 | Orc:2    | Reached ***** piety under Makhleb
 15993 | Lair:1   | Entered Level 1 of the Lair of Beasts
 15998 | Lair:1   | Reached skill level 1 in Air Magic
 17047 | Lair:2   | Reached XP level 12. HP: 33/101 MP: 15/19
 17552 | Lair:2   | Reached skill level 10 in Invocations
 17709 | Lair:2   | Reached ****** piety under Makhleb
 19880 | Lair:3   | HP: 4/101 [komodo dragon (33)]
 20550 | Lair:3   | Reached skill level 5 in Spellcasting
 20800 | Lair:3   | Identified the Papyrus of Attacks
 20995 | Lair:3   | Learned a level 4 spell: Ice Form
 21547 | Lair:4   | Noticed an eight-headed hydra
 21768 | Lair:4   | Reached XP level 13. HP: 108/108 MP: 16/22
 23993 | Lair:6   | Found a hole to the Spider Nest.
 24622 | Lair:6   | Found a staircase to the Swamp.
 25280 | Lair:7   | Reached skill level 10 in Fighting
 26329 | Lair:7   | Reached XP level 14. HP: 45/121 MP: 19/24
 26454 | Lair:8   | Entered Level 8 of the Lair of Beasts
 28329 | Lair:8   | Found a staircase to the Slime Pits.
 30729 | Lair:8   | Reached skill level 10 in Dodging
 31011 | Orc:2    | Found Fopnumur's Food Shop.
 31012 | Orc:2    | Found Cetithi's General Store.
 31014 | Orc:2    | Noticed Donald
 31025 | Orc:2    | Killed Donald
 31523 | Orc:2    | Killed Maud
 31749 | Orc:2    | Bought a potion of lignification for 51 gold pieces
 31759 | Orc:2    | Noticed Nessos
 32347 | Orc:2    | Killed Nessos
 33188 | Orc:2    | Noticed an orc warlord
 33587 | Orc:2    | Found a staircase to the Elven Halls.
 34125 | Orc:2    | Reached XP level 15. HP: 92/126 MP: 21/26
 34142 | Orc:2    | Paralysed by an orc sorcerer for 7 turns
 34210 | Orc:2    | HP: 5/126 [gelid demonspawn/trident (21)]
 34211 | Orc:2    | Killed from afar by an orc high priest

Skill      XL: |  1  2  3  4  5  6  7  8  9 10 11 12 13 14 |
---------------+-------------------------------------------+-----
Transmutations | 3 4 5 6 7 8 9 |  9.0
Unarmed Combat | 4 5 7 8 10 11 12 14 | 14.8
Invocations    | 2 4 6 9 12 13 14 | 14.9
Fighting       | 2 5 6 8 10 | 10.0
Dodging        | 3 5 6 10 | 10.0
Charms         | 2 3 |  3.0
Air Magic      | 2 3 |  3.0
Spellcasting   | 5 |  5.0

Action                   |  1- 3 |  4- 6 |  7- 9 | 10-12 | 13-15 || total
-------------------------+-------+-------+-------+-------+-------++-------
Melee: Unarmed           |   186 |   182 |   273 |   976 |   950 ||  2567
       Tailslap          |    28 |     9 |    17 |   105 |   119 ||   278
       Kick              |    16 |       |       |       |       ||    16
       Headbutt          |     5 |       |       |       |       ||     5
       Punch             |     4 |     1 |     6 |    32 |    65 ||   108
 Cast: Beastly Appendage |    18 |     2 |       |       |       ||    20
       Spider Form       |     6 |    20 |       |       |       ||    26
       Blade Hands       |       |     3 |    28 |    99 |    82 ||   212
       Ice Form          |       |       |       |       |     7 ||     7
       Repel Missiles    |       |       |       |       |     2 ||     2
Invok: Major Destruction |       |       |       |       |     3 ||     3
       Greater Servant o |       |       |       |       |     2 ||     2
 Abil: Breathe Sticky Fl |       |       |     7 |    29 |     8 ||    44
       End Transformatio |       |       |       |     1 |     4 ||     5
Evoke: Wand              |       |       |       |     5 |     1 ||     6
  Use: Scroll            |       |       |    15 |    14 |     6 ||    35
       Potion            |       |       |       |     9 |     2 ||    11
 Stab: Sleeping          |     1 |       |       |     3 |       ||     4
       Distracted        |       |       |       |     1 |       ||     1
  Eat: Chunk             |     7 |    18 |    21 |    94 |    79 ||   219
       Bread ration      |       |       |     1 |       |       ||     1
       Fruit             |       |       |       |       |     1 ||     1
Armor: Skin              |    22 |    36 |    54 |   255 |   158 ||   525
Dodge: Dodged            |    57 |   115 |   121 |   745 |   561 ||  1599
       Deflected         |       |       |       |       |     4 ||     4
Block: Other             |       |       |       |       |    38 ||    38
